 Dungeon Crawl Stone Soup version 0.25.0-11-g1f837a76a1 (webtiles) character file.

Game seed: 6960775777492959368

2628 Esekla the Cleaver (level 9, -2/78 HPs)
             Began as a Deep Dwarf Chaos Knight on June 25, 2020.
             Was a Follower of Makhleb.
             Slain by a killer bee (5 damage)
             ... on level 7 of the Dungeon.
             The game lasted 01:00:06 (5979 turns).

Esekla the Cleaver (Deep Dwarf Chaos Knight)        Turns: 5979, Time: 01:00:07

Health: -2/78      AC: 11    Str: 18    XL:     9   Next: 35%
Magic:  0/8        EV: 13    Int: 16    God:    Makhleb [*.....]
Gold:   99         SH:  7    Dex: 12    Spells: 0/10 levels left

rFire    + . .     SeeInvis .   a - +0 hand axe (chaos)
rCold    . . .     Gourm    .   i - +3 buckler
rNeg     . . .     Faith    .   r - +2 leather armour {rF+}
rPois    .         Spirit   .   p - +0 helmet of the Blacksmith {Int+4}
rElec    .         Reflect  .   x - scarf {repulsion}
rCorr    .         Harm     .   (no gloves)
MR       +....                  (no boots)
Stlth    ++........             (no amulet)
HPRegen  0.00/turn              b - ring of wizardry
MPRegen  0.11/turn              (no ring)

@: lethally poisoned (-2 -> -2), icy armour, about to teleport, singing, very
slightly contaminated, non-regenerating, drained, repel missiles
A: damage resistance, heal wounds, dopey 1, sense surroundings 2, no
regeneration
a: Heal Wounds, Renounce Religion


You were on level 7 of the Dungeon.
You worshipped Makhleb.
Makhleb was aware of your devotion.
You were very hungry.

You visited 2 branches of the dungeon, and saw 8 of its levels.

You collected 319 gold pieces.
You spent 220 gold pieces at shops.

Inventory:

Hand Weapons
 a - a +0 hand axe of chaos (weapon)
 v - a +2 dagger of venom
 y - a +0 war axe
 z - a +0 long sword
 H - a +0 trident
Missiles
 t - 25 poisoned darts (quivered)
 A - 4 boomerangs
Armour
 d - a +0 cloak
 i - a +3 buckler (worn)
 p - the +0 helmet of the Blacksmith (worn) {Int+4}
   (You took it off Robin on level 2 of the Dungeon)

   It affects your intelligence (+4).
 r - a +2 leather armour of fire resistance (worn)
 x - a scarf of repulsion (worn)
 G - a +1 robe of cold resistance
Jewellery
 b - a ring of wizardry (left hand)
Wands
 B - a wand of acid (7)
Scrolls
 e - 2 scrolls of teleportation
 f - a scroll of identify
 j - 4 scrolls of remove curse
 m - a scroll of fear
 o - a scroll of enchant armour
 C - a scroll of magic mapping
Potions
 g - 2 potions of resistance
 k - 5 potions of lignification
 l - a potion of ambrosia
 n - 2 potions of stabbing
 q - a potion of mutation {unknown}
 s - a potion of magic {unknown}
 u - 3 potions of might
 D - a potion of cancellation
 F - a potion of haste {unknown}
Comestibles
 c - 11 rations
 h - 3 chunks of flesh


   Skills:
 + Level 4.1(3.2) Fighting
 + Level 0.2(0.0) Short Blades
 + Level 9.4(8.3) Axes
 + Level 0.2(0.0) Throwing
 * Level 5.2(4.3) Armour
 * Level 5.0(4.1) Dodging
 + Level 3.1(2.2) Stealth
 * Level 4.3(3.3) Shields
 * Level 1.4(0.5) Spellcasting
 + Level 0.7(0.0) Conjurations
 * Level 1.1(0.2) Charms
 * Level 2.3(1.4) Translocations
   Level 0.5(0.0) Air Magic
   Level 1.1(0.2) Poison Magic


You couldn't memorise any spells.
You knew the following spells:

 Your Spells              Type           Power        Failure   Level  Hunger
a - Ozocubu's Armour      Chrm/Ice       #.......     32%         3    ####...
b - Blink                 Tloc           N/A          11%         2    ###....
d - Magic Dart            Conj           #...         12%         1    ##.....
g - Shroud of Golubria    Chrm/Tloc      #.....       13%         2    ###....
s - Song of Slaying       Chrm           #.......     16%         2    ###....

Your spell library contained the following spells:

 Spells                   Type           Power        Failure   Level  Hunger
 Infusion                 Chrm           #...         11%         1    ##.....
 Call Imp                 Summ           #.......     19%         2    ###....
 Slow                     Hex            #.......     19%         2    ###....
 Mephitic Cloud           Conj/Pois/Air  #.......     32%         3    ####...
 Spectral Weapon          Hex/Chrm       #.......     32%         3    ####...
 Conjure Flame            Conj/Fire      #.......     34%         3    ####...


Dungeon Overview and Level Annotations

Branches:
Dungeon (7/15)             Temple (1/1) D:6

Altars:
Makhleb
Okawaru
Qazlal
Ru
Uskayaw
Vehumet
Wu Jian

Shops:
D:4 :

Annotations:
D:5 1 runed translucent door, Crazy Yiuf
D:7 exclusion: statue


Innate Abilities, Weirdness & Mutations

You are resistant to damage.
You can heal yourself by infusing magical energy.
You passively map the area around you.
You do not regenerate.
You are dopey. (Int -2)


Message History

You feel better. The killer bee stings you.
* * * LOW HITPOINT WARNING * * *
You block the killer bee's attack. x2; The killer bee barely misses you.
You block the killer bee's attack. The killer bee barely misses you. x3
Casting: Blink (safe; 12% risk of failure)
Confirm with . or Enter, or press ? or * to list all spells.
You miscast Blink.
You are very lightly contaminated with residual magic.
Nothing appears to happen.
You are feeling very hungry.
You kill the killer bee!
Makhleb accepts your kill.
The killer bee stings you but does no damage.
The killer bee barely misses you. The killer bee stings you.
* * * LOW HITPOINT WARNING * * *
The killer bee stings you.
* * * LOW HITPOINT WARNING * * *
You are poisoned.
The killer bee poisons you! The killer bee stings you!
You die...

.....####...##### * , , ...
.....# #.).....# * , , ...
.....####.......# ,, *, ...
.......##.......# *, * ...
.......##.......# *..# , ...
................# ..# ,, ...
###.............#####..# , ...##
#......#.......y.....# ... ,.
#.............@y.....# ,...! ..
...#.............y.....###.......
...#.............H(..............
...#.^........................
...#.........###...#.##.......
..,#.....#.........#.......... ,
. #...............####....... ,
#...............# ....... , ,, *
> ...........# ....... *


You could see a manticore shaped shifter and 3 killer bees.

Vanquished Creatures
  Maggie (D:6)
  Sigmund (D:6)
  A steam dragon (D:2)
  Menkaure (D:4)
  A sky beast (D:6)
  4 ogres
  A bullfrog (D:6)
  2 scorpions
  2 killer bees (D:7)
  A howler monkey (D:5)
  A crimson imp (D:5)
  A centaur zombie (D:5)
  3 orc priests
  A centaur skeleton (D:6)
  4 hounds
  A jelly (D:5)
  5 orc wizards
  Ijyb (D:5)
  An iguana (D:6)
  Natasha (twice) (D:4)
  3 worker ants
  A hound zombie (D:7)
  A howler monkey zombie (D:7)
  Robin (D:2)
  7 gnolls
  2 adders
  An adder zombie (D:7)
  3 adder skeletons
  A worm (D:3)
  A dart slug (D:1)
  4 leopard geckos
  19 orcs
  2 ball pythons
  5 giant cockroaches
  14 goblins
  14 hobgoblins
  5 jackals (D:4)
  6 kobolds
  3 quokkas
  6 bats
  6 frilled lizards
  A quokka skeleton (D:4)
  A quokka zombie (D:5)
  3 rats
  A fungus (D:5)
146 creatures vanquished.

Vanquished Creatures (collateral kills)
  A gnoll (D:2)
1 creature vanquished.

Vanquished Creatures (others)
  A rime drake (D:6)
  A steam dragon (D:2)
  A kobold (D:2)
3 creatures vanquished.

Grand Total: 150 creatures vanquished

Notes
Turn   | Place    | Note
-------+----------+-------------------------------------------
     0 | D:1      | Esekla the Deep Dwarf Chaos Knight began the quest for the
                  | Orb.
     0 | D:1      | Reached XP level 1. HP: 20/20 MP: 1/1
   190 | D:1      | Reached XP level 2. HP: 16/27 MP: 2/2
   246 | D:2      | Found a sacrificial altar of Ru.
   259 | D:2      | XOM: silly message
   294 | D:1      | Reached skill level 4 in Axes
   327 | D:1      | Reached XP level 3. HP: 23/33 MP: 3/3
   330 | D:1      | You fall into a shaft and drop 1 floor!
   340 | D:1      | XOM: potion effect (haste)
   346 | D:1      | XOM: potion effect (might)
   510 | D:2      | XOM: silly message
   737 | D:2      | Reached XP level 4. HP: 32/40 MP: 4/4
   759 | D:2      | Identified the +0 helmet of the Blacksmith {Int+4}
   759 | D:2      | Noticed Robin
   759 | D:2      | XOM: potion effect (brilliance)
   789 | D:2      | Killed Robin
   802 | D:2      | XOM: potion effect (heal wounds)
   808 | D:2      | Reached skill level 5 in Axes
   808 | D:2      | Reached skill level 1 in Shields
   811 | D:2      | XOM: cast spell 'Summon Ice Beast'
   894 | D:2      | Noticed a steam dragon
   894 | D:2      | a goblin changed into a steam dragon
   894 | D:2      | XOM: noise
   909 | D:2      | Killed a steam dragon
   909 | D:2      | Reached XP level 5. HP: 38/49 MP: 5/5
   914 | D:2      | Banished a steam dragon
   914 | D:2      | Reached skill level 6 in Axes
   914 | D:2      | Reached XP level 6. HP: 28/56 MP: 6/6
  1155 | D:3      | Found a burning altar of Makhleb.
  1155 | D:3      | Found a stormy altar of Qazlal.
  1156 | D:3      | Found an ornate altar of the Wu Jian Council.
  1162 | D:3      | Fell from the grace of Xom
  1162 | D:3      | Became a worshipper of Makhleb the Destroyer
  1776 | D:3      | Found an iron altar of Okawaru.
  1913 | D:3      | Found a sacrificial altar of Ru.
  1987 | D:3      | XOM: give mutations
  1987 | D:3      | Gained mutation: You are dopey. (Int -2) [Xom's mischief]
  1987 | D:3      | Gained mutation: Armour fits poorly on your strangely
                  | shaped body. [Xom's mischief]
  1987 | D:3      | Lost mutation: Armour fits poorly on your strangely shaped
                  | body. [Xom's mischief]
  2391 | D:4      | XOM: stat loss: -2 Int (13/15)
  2456 | D:4      | Reached XP level 7. HP: 48/62 MP: 6/6
  2618 | D:4      | XOM: summons 2 hostile shadow creatures
  2740 | D:4      | Noticed Natasha
  2762 | D:5      | Entered Level 5 of the Dungeon
  2770 | D:5      | Noticed a -1 dagger
  2772 | D:5      | Noticed a +0 dagger
  2774 | D:5      | Found a hide-covered altar of Uskayaw.
  2774 | D:5      | Noticed Ijyb
  2800 | D:5      | Reached skill level 1 in Stealth
  3017 | D:5      | Reached skill level 7 in Axes
  3043 | D:6      | Found a staircase to the Ecumenical Temple.
  3048 | Temple   | Entered the Ecumenical Temple
  3188 | D:4      | Killed Natasha
  3366 | D:4      | Reached * piety under Makhleb
  3664 | D:4      | Found Recher's Book Shoppe.
  3664 | D:4      | Noticed Menkaure
  3681 | D:4      | Reached XP level 8. HP: 36/72 MP: 7/7
  3766 | D:4      | Killed Menkaure
  3766 | D:4      | Reached skill level 8 in Axes
  3778 | D:4      | Noticed Natasha
  3786 | D:4      | Noticed Natasha
  3786 | D:4      | Natasha changed into Natasha the scorpion
  3792 | D:4      | Killed Natasha the scorpion
  3985 | D:5      | Killed Ijyb
  4403 | D:5      | Found a runed translucent door.
  4404 | D:5      | Noticed Crazy Yiuf
  4457 | D:4      | Noticed Natasha
  4465 | D:4      | Killed Natasha
  4481 | D:4      | Reached skill level 9 in Axes
  4488 | D:4      | XOM: summons 14 hostile demons
  4572 | D:4      | Bought a book of Minor Magic for 220 gold pieces
  4575 | D:4      | Learned a level 2 spell: Blink
  4579 | D:4      | Learned a level 3 spell: Mephitic Cloud
  4581 | D:4      | Learned a level 1 spell: Magic Dart
  4765 | D:6      | Noticed Maggie
  4812 | D:6      | Killed Maggie
  4812 | D:6      | Reached skill level 1 in Translocations
  4812 | D:6      | Reached skill level 1 in Poison Magic
  4843 | D:6      | Learned a level 2 spell: Song of Slaying
  4913 | D:6      | Reached skill level 5 in Armour
  4913 | D:6      | Gained mutation: You passively map the area around you.
                  | [Deep Dwarf growth]
  4913 | D:6      | Reached XP level 9. HP: 41/78 MP: 7/7
  4984 | D:6      | Noticed a rime drake
  4984 | D:6      | a sky beast changed into a rime drake
  4985 | D:6      | Banished a rime drake
  4985 | D:6      | Reached skill level 1 in Spellcasting
  5157 | D:6      | HP: 2/78 [orc/+0 hand axe (5)]
  5207 | D:6      | Learned a level 3 spell: Ozocubu's Armour
  5210 | D:6      | Learned a level 2 spell: Shroud of Golubria
  5450 | D:6      | Noticed Sigmund
  5466 | D:6      | Killed Sigmund
  5466 | D:6      | Reached skill level 5 in Dodging
  5466 | D:6      | Reached skill level 1 in Charms
  5740 | D:7      | Found a radiant altar of Vehumet.
  5944 | D:7      | XOM: draining
  5962 | D:7      | HP: 2/78 [killer bee (5)]
  5965 | D:7      | Noticed a glowing shapeshifter
  5965 | D:7      | a killer bee changed into a glowing shapeshifter
  5965 | D:7      | Noticed a manticore
  5965 | D:7      | a glowing shapeshifter changed into a manticore
  5967 | D:7      | Noticed a water nymph
  5967 | D:7      | a manticore changed into a water nymph
  5969 | D:7      | Noticed an elephant
  5969 | D:7      | a water nymph changed into an elephant
  5975 | D:7      | Noticed a glowing orange brain
  5975 | D:7      | an elephant changed into a glowing orange brain
  5976 | D:7      | Noticed a manticore
  5976 | D:7      | a glowing orange brain changed into a manticore
  5979 | D:7      | HP: 3/78 [killer bee (1)]
  5979 | D:7      | Slain by a killer bee

Illustrated notes

Levels and vault maps discovered:
D:1:      lightli_arrival_quake, layout_rooms
D:2:      layout_loops_ring, overflow_temple_1_default, uniq_robin
D:3:      layout_rooms, okawaru_ov_weapons_minmay,
          gammafunk_temple_overflow_claw, solitary_fountain,
          nicolae_ru_the_path_less_chosen
D:4:      layout_gridville, serial_shops, shop, uniq_menkaure, uniq_natasha
D:5:      layout_loops_ring, dancing_weapons_uskayaw, first_ration, uniq_ijyb,
          uniq_crazy_yiuf_cottage
D:6:      layout_loops_corners, minmay_temple_entry_nine_rooms, uniq_sigmund,
          uniq_maggie
D:7:      layout_basic, vehumet_statue, the_bakery
Temple:   nicolae_temple_figure_eight

Skill      XL: |  1  2  3  4  5  6  7  8  9 |
---------------+----------------------------+-----
Axes           | 4 5 6 7 9 |  9.4
Dodging        | 2 3 4 5 |  5.0
Fighting       | 3 4 |  4.1
Shields        | 1 2 3 4 |  4.3
Armour         | 3 4 5 |  5.2
Stealth        | 1 2 3 |  3.1
Translocations | 1 2 |  2.3
Poison Magic   | 1 |  1.1
Spellcasting   | 1 |  1.4
Charms         | 1 |  1.1
Short Blades   | |  0.2
Throwing       | |  0.2
Conjurations   | |  0.7
Air Magic      | |  0.5

Action                   |  1- 3 |  4- 6 |  7- 9 || total
-------------------------+-------+-------+-------++-------
Melee: Hand axe          |   112 |   142 |   422 ||   676
       Dagger            |       |       |    23 ||    23
Throw: Dart              |       |       |    11 ||    11
 Cast: Blink             |       |       |     1 ||     1
       Ozocubu's Armour  |       |       |     1 ||     1
       Song of Slaying   |       |       |     1 ||     1
 Abil: Heal Wounds       |       |     2 |     6 ||     8
  Use: Scroll            |       |       |    19 ||    19
       Potion            |       |       |     6 ||     6
 Stab: Confused          |       |     3 |     1 ||     4
       Distracted        |       |       |     1 ||     1
       Paralysed         |       |       |     8 ||     8
       Petrifying        |       |       |     2 ||     2
       Petrified         |       |       |     2 ||     2
  Eat: Chunk             |       |     4 |     9 ||    13
       Ration            |       |       |     1 ||     1
Armor: Leather armour    |    46 |    39 |    93 ||   178
Dodge: Dodged            |    68 |    61 |   235 ||   364
       Repelled          |       |       |     2 ||     2
Block: Buckler           |     1 |    29 |   127 ||   157
